 Dungeon Crawl Stone Soup version 0.27.1 (webtiles) character file.

Game seed: 11049988910755049627

32 BOMJPIETVODKU the Digger (level 3, -9/27 HPs)
             Began as a Draconian Earth Elementalist on Aug 25, 2021.
             Mangled by an orc warrior (21 damage)
             ... on level 6 of the Dungeon.
             The game lasted 00:04:00 (2256 turns).

BOMJPIETVODKU the Digger (DrEE)                     Turns: 2256, Time: 00:04:01

Health: -9/27      AC:  5    Str: 10    XL:     3   Next: 10%
Magic:  7/7        EV: 12    Int: 16    God:
Gold:   93         SH:  0    Dex: 11    Spells: 4/7 levels left

rFire    . . .     SeeInvis .   l - +0 short sword
rCold    . . .     Faith    .   (no shield)
rNeg     . . .     Spirit   .   (armour unavailable)
rPois    .         Reflect  .   (helmet restricted)
rElec    .         Harm     .   (no cloak)
rCorr    .         Rampage  .   (no gloves)
Will     .....                  (no boots)
Stlth    ++........             (no amulet)
HPRegen  0.09/turn              (no ring)
MPRegen  0.10/turn              (no ring)

@: no status effects
A: AC +5, unfitting armour, cold-blooded
a: no special abilities


You were on level 6 of the Dungeon.
You visited 1 branch of the dungeon, and saw 4 of its levels.

You collected 93 gold pieces.

Inventory:

Hand Weapons
 e - a +0 hand axe
 l - a +0 short sword (weapon)
 n - a +0 scythe
Missiles
 b - 63 stones
Scrolls
 c - a scroll of blinking {unknown}
 d - 2 scrolls of magic mapping {unknown}
 g - a scroll of identify {unknown}
 i - a scroll of fear {unknown}
 j - a scroll of holy word {unknown}
 m - a scroll of immolation {unknown}
Potions
 a - a potion of curing {unknown}
 f - a potion of brilliance {unknown}
 h - 2 potions of magic {unknown}
 k - a potion of resistance {unknown}


   Skills:
 * Level 0.7 Fighting
 - Level 1.7 Dodging
 - Level 1.7 Stealth
 * Level 2.9 Spellcasting
 - Level 1.0 Transmutations
 + Level 3.4 Earth Magic


You had 4 spell levels left.
You knew the following spells:

 Your Spells              Type           Power      Damage    Failure   Level
a - Sandblast             Erth           26%        2d8       4%          1
b - Passwall              Tmut/Erth      7%         N/A       12%         2

Your spell library contained the following spells:

 Spells                   Type           Power      Damage    Failure   Level
 Slow                     Hex            2%         N/A       28%         2
 Stone Arrow              Conj/Erth      14%        3d7       28%         3
 Confusing Touch          Hex            2%         N/A       50%         3
 Summon Guardian Golem    Hex/Summ       2%         N/A       50%         3
 Petrify                  Tmut/Erth      9%         N/A       58%         4
 Bolt of Magma            Conj/Fire/Erth 2%         4d4       97%         5
 Yara's Violent Unravell  Hex/Tmut       1%         3d3       99%         5
 Orb of Destruction       Conj           1%         N/A       100%        7
 Spellforged Servitor     Conj/Summ      1%         N/A       100%        7
 Shatter                  Erth           6%         3d9*      100%        9


Dungeon Overview and Level Annotations

Branches:
Dungeon (3/15)

Altars:


Innate Abilities, Weirdness & Mutations

Your plain brown scales are hard. (AC +5)
You cannot fit into any form of body armour.
You are cold-blooded and may be slowed by cold attacks.


Message History

There is a stone staircase leading down here.
You climb downwards.
There is a stone staircase leading up here.
A bat comes into view.
A bat is nearby!
Found a stone staircase leading up.
The bat barely misses you.
The blast of sand hits the bat!
You kill the bat!
Memorise Passwall, consuming 2 spell levels and leaving 4?
You start memorising the spell.
You continue memorising. x2
You finish memorising.
Spell assigned to 'b'.
Casting: Sandblast (safe; 4% risk of failure)
Confirm with . or Enter, or press ? or * to list all spells.
Aiming: Passwall (safe; 12% risk of failure)
Press: ? - help, Dir - move target A rock wall.
You begin to meditate on the wall.
You continue meditating on the rock. x2
You finish merging with the rock.
You start resting.
Magic restored.
Found a stone staircase leading down.
Found 9 gold pieces.
You now have 93 gold pieces (gained 9).
You fall into a shaft and drop 3 floors!
The shaft crumbles and collapses. 2 orcs, an orc warrior, an orc priest and an orc wizard come into view.
The orc shouts!
The orc priest shouts!
The orc wizard shouts!
The orc shouts!
Found 2 yellow potions.
The orc warrior shouts!
The orc priest mumbles some strange prayers to Beogh against you.
Beogh smites you!
Ouch! That really hurt!
The orc wizard gestures wildly while chanting.
The orc wizard flickers and vanishes!
Deactivating autopickup; reactivate with Ctrl-A.
The orc completely misses you. The orc warrior barely misses you.
The orc warrior hits you from afar with a +0 glaive!!
Ouch! That really hurt!
You die...

############
#..........#
#........o.####.#
#........o@.....#
#.......o..######
#..........#
#.........o#
#..........#
#..........#
...........#
..##.#####


You could see an orc warrior, an orc priest and 2 orcs.

Vanquished Creatures
  A gnoll (D:2)
  A worm (D:2)
  2 endoplasms (D:1)
  A giant cockroach (D:1)
  2 hobgoblins
  2 jackals (D:2)
  A quokka (D:2)
  2 ball pythons
  3 bats
  3 kobolds
  A rat (D:2)
19 creatures vanquished.

Notes
Turn   | Place    | Note
-------+----------+-------------------------------------------
     0 | D:1      | BOMJPIETVODKU the Draconian Earth Elementalist began the
                  | quest for the Orb.
     0 | D:1      | Reached XP level 1. HP: 14/14 MP: 3/3
   903 | D:1      | Reached XP level 2. HP: 19/22 MP: 3/5
  1268 | D:2      | Found a faded altar of an unknown god.
  1977 | D:2      | Reached XP level 3. HP: 19/27 MP: 0/7
  2166 | D:3      | Learned a level 2 spell: Passwall
  2251 | D:3      | You fall into a shaft and drop 3 floors!
  2251 | D:6      | Noticed an orc warrior
  2256 | D:6      | Mangled by an orc warrior

Illustrated notes

Levels and vault maps discovered:
D:1:      minmay_arrival_split_and_join, layout_basic, minmay_misc_feat_tiny,
          minmay_tree_intersection
D:2:      layout_loops_ring, shapermc_ecumenical_altar_venn,
          hangedman_decor_growths, cheibrodos_gnoll_hut
D:3:      layout_rooms, elyvilon_altar_4, serial_co_window_serial,
          co_window_corner_a, co_window_paths_a, co_window_paths_a,
          co_window_paths_a, co_window_of_opportunity_a, co_window_broadway_b,
          co_window_of_opportunity_c, co_window_unsneaky_path_e,
          co_window_4corner_b, co_window_4corner_a, glass_columns_b,
          glass_columns_c, kennysheep_generic_room_13, uniq_ijyb
D:6:      layout_basic, lemuel_blue_sif_altar, minmay_temple_entry_glass,
          hangedman_feature_mirror, uniq_edmund

Action                   || total
-------------------------++-------
Melee: Hand axe          ||    15
       Tailslap          ||     5
       Short sword       ||    15
 Cast: Sandblast         ||    27
       Passwall          ||     1
 Stab: Sleeping          ||     2
Armor: Skin              ||     9
Dodge: Dodged            ||    32
